 Dungeon Crawl Stone Soup version 0.31-a0-986-g5e6e4ef867 (webtiles) character file.

Game seed: 1428264722664200593

58142 grandjackal the Dancer (level 14, -7/118 HPs)
             Began as a Demonspawn Gladiator on Nov 20, 2023.
             Was a Believer of Uskayaw.
             Mangled by a six-headed hydra (8 damage)
             ... on level 5 of the Lair of Beasts.
             The game lasted 00:20:49 (17269 turns).

grandjackal the Dancer (Demonspawn Gladiator)      Turns: 17269, Time: 00:20:50

Health: -7/118     AC: 22    Str: 24    XL:     14   Next: 48%
Magic:  17/25      EV: 15    Int: 16    God:    Uskayaw [**....]
Gold:   1172       SH:  0    Dex: 15    Spells: 9/13 levels left

rFire   + . .        p - +2 great sword (flame)
rCold   + . .        (shield currently unavailable)
rNeg    . . .        C - +6 scale mail "Eluadoev" {rF+ rC+ Str+5}
rPois   .            (helmet unavailable)
rElec   .            A - +0 cloak
rCorr   .            T - +2 pair of gloves
SInv    .            (no boots)
Will    .....        Q - amulet of regeneration Stlth
                     r - +4 ring of slaying
HPRegen 1.19/turn    n - +4 ring of protection
MPRegen 0.19/turn

%: wizardry (x1)
@: weak-willed, slowed, very slow
A: horns 3, foul stench 1, spiny 2, big brain 3
a: Renounce Religion, Stomp, Line Pass


You were on level 5 of the Lair of Beasts.
You worshipped Uskayaw.
Uskayaw was pleased with you.
You visited 3 branches of the dungeon, and saw 19 of its levels.
You also visited: Ossuary.

You collected 1172 gold pieces.

Inventory:

Hand Weapons
 p - a +2 great sword of flaming (weapon)
 K - the +6 short sword "Juenuot" {freeze, Str+4 Dex+3}
   (You took it off an orc on level 8 of the Dungeon)

   Str+4:     It affects your strength (+4).
   Dex+3:     It affects your dexterity (+3).
 S - a +4 scimitar of flaming
Missiles
 d - 5 throwing nets (quivered)
 e - 11 javelins
 J - 7 curare-tipped darts
Armour
 A - a +0 cloak (worn)
 B - +0 acid dragon scales
 C - the +6 scale mail "Eluadoev" (worn) {rF+ rC+ Str+5}
   (You found it on level 11 of the Dungeon)

   Str+5:     It affects your strength (+5).
   rF+:       It protects you from fire.
   rC+:       It protects you from cold.
 T - a +2 pair of gloves (worn)
Jewellery
 n - a +4 ring of protection (right hand)
 r - a +4 ring of slaying (left hand)
 v - a ring of poison resistance
 H - a ring of fire
 Q - an amulet of regeneration (around neck)
Wands
 t - a wand of flame (36)
 N - a wand of roots (4)
 P - a wand of digging (4)
Scrolls
 a - a scroll of immolation {unknown}
 b - 6 scrolls of poison {unknown}
 g - a scroll of torment
 h - 6 scrolls of fog
 i - 9 scrolls of teleportation
 j - 2 scrolls of vulnerability
 l - 3 scrolls of enchant weapon {unknown}
 m - 2 scrolls of brand weapon {unknown}
 o - a scroll of fear {unknown}
 w - 4 scrolls of revelation {unknown}
 y - 2 scrolls of noise {unknown}
 D - 2 scrolls of silence {unknown}
 F - 4 scrolls of amnesia {unknown}
 L - 4 scrolls of enchant armour
 O - 2 scrolls of blinking {unknown}
Potions
 c - 2 potions of ambrosia
 f - 2 potions of mutation
 k - 16 potions of curing
 q - 4 potions of attraction {unknown}
 s - 4 potions of enlightenment
 x - 3 potions of lignification
 z - 5 potions of heal wounds
 E - a potion of haste {unknown}
 G - 2 potions of invisibility {unknown}
 I - 3 potions of resistance {unknown}
 M - 4 potions of degeneration {unknown}
 R - 2 potions of brilliance


   Skills:
 + Level 13.6 Fighting
 + Level 12.6 Long Blades
 - Level 3.0 Throwing
 + Level 7.9 Armour
 - Level 10.0 Dodging
 + Level 14.7 Invocations


You had 9 spell levels left.
You knew the following spells:

 Your Spells              Type           Power      Damage    Failure   Level
a - Passage of Golubria   Tloc           0%         N/A       89%         4

Your spell library contained the following spells:

 Spells                   Type           Power      Damage    Failure   Level
 Shock                    Conj/Air       0%         1d3       22%         1
 Cigotuvi's Dreadful Rot  Necr/Pois/Air  0%         N/A       32%         2
 Ignite Poison            Fire/Tmut/Pois 0%         N/A       52%         3
 Inner Flame              Hex/Fire       0%         N/A       52%         3
 Stone Arrow              Conj/Erth      0%         3d7       52%         3
 Swiftness                Air            0%         N/A       52%         3
 Volatile Blastmotes      Fire/Tloc      0%         2d10      52%         3
 Airstrike                Air            0%         2d(0-16)  89%         4
 Animate Armour           Summ/Erth      0%         N/A       89%         4
 Fulminant Prism          Conj/Hex       0%         3d5       89%         4
 Iskenderun's Mystic Bla  Conj/Tloc      0%         2d3       89%         4
 Freezing Cloud           Conj/Ice/Air   0%         6-21      99%         5
 Silence                  Hex/Air        0%         N/A       99%         5
 Yara's Violent Unravell  Hex/Tmut       0%         3d3       99%         5
 Conjure Ball Lightning   Conj/Air       0%         3x3d6     100%        6
 Enfeeble                 Hex            0%         N/A       100%        7
 Malign Gateway           Summ/Tloc      0%         N/A       100%        7
 Discord                  Hex            0%         N/A       100%        8
 Disjunction              Tloc           0%         N/A       100%        8
 Lehudib's Crystal Spear  Conj/Erth      0%         10d2      100%        8
 Summon Horrible Things   Summ           0%         N/A       100%        8


Dungeon Overview and Level Annotations

Branches:
Dungeon (13/15)            Temple (1/1) D:7            Lair (5/5) D:8
 Shoals (0/4) Lair:3        Snake (0/4) Lair:2          Orc (0/2) D:12
Ossuary (visited)
  Slime: Lair:4-5    Vaults: D:13-14

Altars:
Ashenzari
Cheibriados
Dithmenos
Fedhas
Gozag
Hepliaklqana
Kikubaaqudgha
Makhleb
Nemelex Xobeh
Okawaru
Qazlal
Ru
Sif Muna
Trog
Uskayaw
Vehumet
Wu Jian
Xom
Yredelemnul

Portals:
Trove: D:13 (give 17 scrolls of teleportation)

Annotations:
D:9 1 runed translucent door
Lair:2 3 runed translucent doors, Phlounder's ghost, journeyman TrSh


Innate Abilities, Weirdness & Mutations

You have a pair of large horns on your head.
You may rarely emit foul miasma when damaged in melee.
You are mostly covered in sharp spines.
You have an absolutely massive brain. (Int +6, Wiz)


Message History

The six-headed hydra bites you!
* * * LOW HITPOINT WARNING * * *
The six-headed hydra bites you but does no damage.
The cane toad is struck by your spines.
You kill the cane toad!
A boggart comes into view.
The cane toad is struck by your spines. The cane toad closely misses you.
As you read the scroll labelled LUTAFA HYUL, it crumbles to dust.
Magic quickly surges around you.
It was a scroll of vulnerability.
The eight-headed hydra is struck by your spines.
The eight-headed hydra closely misses you. x2
The eight-headed hydra bites you but does no damage.
The eight-headed hydra bites you!
* * * LOW HITPOINT WARNING * * *
The eight-headed hydra closely misses you.
The eight-headed hydra barely misses you.
The eight-headed hydra completely misses you.
The eight-headed hydra bites you but does no damage.
The six-headed hydra bites you.
* * * LOW HITPOINT WARNING * * *
The six-headed hydra bites you but does no damage.
The six-headed hydra closely misses you.
The six-headed hydra misses you. The six-headed hydra bites you!
* * * LOW HITPOINT WARNING * * *
The six-headed hydra bites you but does no damage.
Something bites the bush.
The cane toad stings you but does no damage.
The eight-headed hydra barely misses you.
The eight-headed hydra bites you but does no damage.
The eight-headed hydra misses you.
The eight-headed hydra barely misses you.
The eight-headed hydra bites you.
* * * LOW HITPOINT WARNING * * *
The eight-headed hydra bites you but does no damage. x2
The eight-headed hydra bites you.
* * * LOW HITPOINT WARNING * * *
The six-headed hydra misses you.
The six-headed hydra bites you but does no damage.
The six-headed hydra bites you!
You die...

#........#....###..........
##........#....##.†.#.......
##.................g.†.......
##...................F........
...................Y..†.......
.......†........Si.w.#.hS#...
..............PP#DSh##†#.# ..
.........†......#D#....#..# $
................@Di..........
................†Fi..........
.......†.......F..............
..............................
.....<.......................
...........................#.
..........................#.
.#.##.#.#.......#####..# ##
.#####.######


You could see an eight-headed hydra (weak-willed), a six-headed hydra
(weak-willed), a five-headed hydra (weak-willed), a torpor snail (weak-willed),
a polar bear (weak-willed), a black mamba, a yak (weak-willed), a cane toad
(weak-willed), 2 blink frogs, 3 spriggans and a boggart (weak-willed).

Vanquished Creatures
  A fire giant (D:11)
  A frost giant (D:11)
  Nessos (Lair:3)
  A catoblepas (D:13)
  A hydra (Lair:4)
  3 centaur warriors
  5 two-headed ogres
  2 boulder beetles
  6 death yaks
  Urug (D:10)
  A spriggan (Lair:5)
  A skyshark (Lair:3)
  A lindwurm (Lair:3)
  2 ugly things (D:11)
  3 harpies (Lair:3)
  A deep elf pyromancer (D:12)
  3 cyclopes
  3 manticores
  14 elephants
  16 cane toads
  A torpor snail (Lair:5)
  5 black mambas
  Maggie (D:7)
  2 unseen horrors
  6 rime drakes
  An efreet (D:13)
  4 komodo dragons
  2 trolls (D:9)
  4 hornets
  15 blink frogs
  Prince Ribbit (D:9)
  7 dream sheep (Lair:1)
  A slime creature (D:9)
  3 shadows
  5 wyverns
  5 wraiths
  26 yaks
  13 vampire mosquitoes
  A steam dragon (Lair:1)
  4 basilisks (Lair:2)
  2 wargs (D:8)
  Menkaure (D:6)
  2 acid dragons (D:11)
  8 nagas (Lair:2)
  14 water moccasins
  A black bear (D:6)
  5 orc warriors
  2 sky beasts
  An ice beast (D:5)
  5 centaurs
  An ogre (D:6)
  15 wolves
  A phantom (D:4)
  4 kobold brigands
  13 bullfrogs
  2 elf zombies (Ossuary)
  A gnoll sergeant (D:8)
  9 scorpions
  5 wights
  12 killer bees
  7 howler monkeys
  10 electric eels
  5 centaur zombies (Ossuary)
  5 human zombies (Ossuary)
  2 jellies (D:6)
  4 orc priests
  Crazy Yiuf (D:6)
  4 iguanas
  14 orc wizards
  Natasha (thrice) (D:3)
  4 hell rats (Lair:1)
  3 mummies (Ossuary)
  3 gnolls (D:8)
  5 adders
  A shadow imp (D:6)
  2 white imps (D:4)
  An ufetubus (D:4)
  3 worms
  2 dart slugs (D:4)
  35 orcs
  4 ball pythons
  13 bats
  3 endoplasms
  4 giant cockroaches
  6 goblins
  A hobgoblin (D:3)
  9 jackals
  16 kobolds
  5 quokkas
  3 frilled lizards
  9 rats
  A butterfly (D:7)
466 creatures vanquished.

Notes
Turn   | Place    | Note
-------+----------+-------------------------------------------
     0 | D:1      | grandjackal the Demonspawn Gladiator began the quest for
                  | the Orb.
     0 | D:1      | Reached XP level 1. HP: 16/16 MP: 1/1
    97 | D:1      | Gained mutation: You are partially covered in sharp spines.
                  | [demonic ancestry]
    97 | D:1      | Reached XP level 2. HP: 12/22 MP: 2/2
   332 | D:1      | Gained mutation: You have a pair of small horns on your
                  | head. [demonic ancestry]
   332 | D:1      | Reached XP level 3. HP: 27/28 MP: 3/3
   347 | D:1      | Found a faded altar of an unknown god.
   637 | D:2      | Found an iron altar of Okawaru.
  1375 | D:3      | Found an ancient bone altar of Kikubaaqudgha.
  1420 | D:3      | Found a shadowy altar of Dithmenos.
  1483 | D:3      | Gained mutation: You may rarely emit foul miasma when
                  | damaged in melee. [demonic ancestry]
  1483 | D:3      | Reached XP level 4. HP: 34/34 MP: 4/4
  1586 | D:3      | Found a stormy altar of Qazlal.
  1640 | D:3      | Noticed Natasha
  1647 | D:3      | Killed Natasha
  1763 | D:3      | Noticed a scorpion
  1771 | D:3      | Killed a scorpion
  1772 | D:3      | Gained mutation: You have a pair of horns on your head.
                  | [demonic ancestry]
  1772 | D:3      | Reached XP level 5. HP: 37/41 MP: 5/5
  1840 | D:3      | Noticed Natasha
  1844 | D:3      | Killed Natasha
  1974 | D:3      | Found a snail-covered altar of Cheibriados.
  2403 | D:3      | Noticed Natasha
  2406 | D:3      | Killed Natasha
  2879 | D:4      | Noticed a phantom
  2888 | D:4      | Killed a phantom
  2889 | D:4      | Reached XP level 6. HP: 46/48 MP: 6/6
  3477 | D:5      | Entered Level 5 of the Dungeon
  3563 | D:5      | Gained mutation: You have a pair of large horns on your
                  | head. [demonic ancestry]
  3563 | D:5      | Reached XP level 7. HP: 45/55 MP: 7/7
  3945 | D:5      | Reached skill level 5 in Fighting
  3945 | D:5      | Reached skill level 5 in Long Blades
  3945 | D:5      | Reached skill level 5 in Dodging
  4397 | D:6      | Reached XP level 8. HP: 59/63 MP: 8/8
  4443 | D:6      | Noticed Menkaure
  4452 | D:6      | Killed Menkaure
  4630 | D:6      | Found a blossoming altar of Fedhas.
  4854 | D:6      | Found a runed translucent door.
  4855 | D:6      | Noticed Crazy Yiuf
  5178 | D:6      | Killed Crazy Yiuf
  5257 | D:7      | Found a sand-covered staircase.
  5260 | D:7      | Noticed Maggie
  5272 | D:7      | Killed Maggie
  5297 | Ossuary  | Entered an ossuary
  5324 | Ossuary  | Reached XP level 9. HP: 71/71 MP: 9/9
  5627 | D:7      | Found a staircase to the Ecumenical Temple.
  5637 | D:7      | Found an ornate altar of the Wu Jian Council.
  5642 | Temple   | Entered the Ecumenical Temple
  5660 | Temple   | Became a worshipper of Uskayaw the Reveller
  5717 | D:7      | Reached * piety under Uskayaw
  5723 | D:7      | Reached ** piety under Uskayaw
  5725 | D:7      | Reached skill level 1 in Invocations
  5801 | D:7      | Found a bloodstained altar of Trog.
  5890 | D:7      | Found a shimmering altar of Xom.
  6523 | D:8      | Reached *** piety under Uskayaw
  6525 | D:8      | Reached skill level 2 in Invocations
  6527 | D:8      | Reached **** piety under Uskayaw
  6606 | D:8      | Found a staircase to the Lair.
  6606 | D:8      | Identified the +6 short sword "Juenuot" {freeze, Str+4
                  | Dex+3}
  6616 | D:8      | Reached skill level 3 in Invocations
  6619 | D:8      | Reached ***** piety under Uskayaw
  7055 | D:8      | Found a hazy altar of Hepliaklqana.
  7425 | D:8      | Reached skill level 4 in Invocations
  7477 | D:8      | Gained mutation: You have an unusually large brain. (Int
                  | +2) [demonic ancestry]
  7477 | D:8      | Reached XP level 10. HP: 80/80 MP: 13/13
  7726 | D:9      | Found an opulent altar of Gozag.
  7739 | D:9      | Found a burning altar of Makhleb.
  7825 | D:9      | Reached skill level 5 in Invocations
  7928 | D:9      | Noticed Prince Ribbit
  7944 | D:9      | Killed Prince Ribbit
  8054 | D:9      | Found a runed translucent door.
  8166 | D:9      | Found a runed translucent door.
  8262 | D:9      | Found a broken altar of Ashenzari.
  8438 | D:9      | Reached skill level 6 in Invocations
  8650 | D:9      | Noticed a two-headed ogre
  8659 | D:9      | Paralysed by a hornet for 1 turns
  8669 | D:9      | Killed a two-headed ogre
  8756 | D:9      | Reached skill level 7 in Invocations
  8957 | D:9      | Noticed a boulder beetle
  8987 | D:9      | Killed a boulder beetle
  8988 | D:9      | Reached XP level 11. HP: 30/89 MP: 12/16
  9424 | D:10     | Entered Level 10 of the Dungeon
  9545 | D:10     | Noticed Urug
  9743 | D:10     | Killed Urug
  9744 | D:10     | Reached skill level 8 in Invocations
 10032 | D:10     | Reached skill level 10 in Fighting
 10467 | D:11     | Noticed a two-headed ogre
 10473 | D:11     | Killed a two-headed ogre
 10700 | D:11     | Reached skill level 9 in Invocations
 11096 | D:11     | Noticed a two-headed ogre
 11109 | D:11     | Killed a two-headed ogre
 11265 | D:11     | Noticed a frost giant
 11265 | D:11     | Noticed a two-headed ogre
 11268 | D:11     | Noticed a centaur warrior
 11459 | D:11     | Noticed a fire giant
 11473 | D:11     | Killed a fire giant
 11595 | D:11     | Noticed a brown ugly thing
 11609 | D:11     | Killed a brown ugly thing
 11610 | D:11     | Reached skill level 10 in Long Blades
 11610 | D:11     | Reached skill level 10 in Dodging
 11610 | D:11     | Gained mutation: You are mostly covered in sharp spines.
                  | [demonic ancestry]
 11610 | D:11     | Reached XP level 12. HP: 99/99 MP: 19/19
 11615 | D:11     | Reached skill level 10 in Invocations
 11615 | D:11     | Killed a centaur warrior
 11616 | D:11     | Reached skill level 1 in Armour
 11625 | D:11     | Killed a two-headed ogre
 11646 | D:11     | Killed a frost giant
 11690 | D:11     | Identified the +6 scale mail "Eluadoev" {rF+ rC+ Str+5}
 12161 | D:12     | Found a staircase to the Orcish Mines.
 12197 | D:12     | Noticed a centaur warrior
 12208 | D:12     | Killed a centaur warrior
 12429 | D:12     | Found an opulent altar of Gozag.
 12506 | D:12     | Reached skill level 11 in Invocations
 12588 | D:12     | You fall into a shaft and drop 1 floor!
 12593 | D:13     | Found a portal to a secret trove of treasure.
 12715 | D:13     | Noticed a catoblepas
 12729 | D:13     | Killed a catoblepas
 12847 | D:12     | Noticed a two-headed ogre
 12853 | D:12     | Killed a two-headed ogre
 13026 | D:12     | Noticed a centaur warrior
 13032 | D:12     | Killed a centaur warrior
 13470 | Lair:1   | Entered Level 1 of the Lair of Beasts
 13759 | Lair:1   | Reached skill level 12 in Invocations
 13759 | Lair:1   | Gained mutation: You have an extremely huge brain. (Int +4)
                  | [demonic ancestry]
 13759 | Lair:1   | Reached XP level 13. HP: 106/107 MP: 19/22
 13957 | Lair:1   | Reached skill level 5 in Armour
 14520 | Lair:2   | Found a runed translucent gate.
 14520 | Lair:2   | Found a runed translucent gate.
 14522 | Lair:2   | Found a runed translucent gate.
 14551 | Lair:2   | Found a staircase to the Snake Pit.
 14765 | Lair:2   | Noticed Phlounder's ghost (journeyman TrSh)
 14793 | Lair:2   | Reached skill level 13 in Invocations
 15599 | Lair:3   | Noticed Nessos
 15606 | Lair:3   | Killed Nessos
 15613 | Lair:3   | Identified the +5 eveningstar of Cowardice {antimagic,
                  | rPois}
 15816 | Lair:3   | Gained mutation: You have an absolutely massive brain. (Int
                  | +6, Wiz) [demonic ancestry]
 15816 | Lair:3   | Reached XP level 14. HP: 116/118 MP: 24/24
 15849 | Lair:3   | Learned a level 4 spell: Passage of Golubria
 16005 | Lair:3   | Reached skill level 14 in Invocations
 16010 | Lair:3   | Found a staircase to the Shoals.
 17193 | Lair:5   | Entered Level 5 of the Lair of Beasts
 17262 | Lair:5   | HP: 5/118 [water moccasin (2)]
 17269 | Lair:5   | HP: 3/118 [eight-headed hydra (5)]
 17269 | Lair:5   | HP: 1/118 [eight-headed hydra (2)]
 17269 | Lair:5   | Mangled by a six-headed hydra

Illustrated notes

Levels and vault maps discovered:
D:1:      dpeg_arrival_stonehenge_8_columns, layout_rooms,
          hellmonk_ecumenical_altar_heavens_door
D:2:      layout_basic, basic_altar, minivault_11
D:3:      layout_basic, slow_altar_2, mainiacjoe_overflow_six_doors_small,
          mainiacjoe_overflow_chevrons, overflow_temple_1_default, minivault_19,
          kennysheep_cross_bottleneck, uniq_natasha
D:4:      layout_layer_cave, serial_demonic, serial_demonic_e, serial_demonic_e,
          serial_demonic_f, serial_demonic_b
D:5:      layout_cave_pods, minmay_misc_feat_plants
D:6:      layout_loops_cross, mainiacjoe_overflow_24_doors,
          fedhas_altar_fruit_tree, uniq_menkaure, uniq_crazy_yiuf_cottage
D:7:      layout_basic, xom_butterflies, bloody_trog, lemuel_round_altar,
          minmay_temple_entry_butterflies, lightli_ossuary_entry_decrepit_ruins,
          uniq_maggie
D:8:      layout_basic, worldfamousw_hep_ancestral_shrine,
          erik_lair_orcish_takeover
D:9:      cheibrodos_histonic, layout_basic,
          mainiacjoe_overflow_large_starburst, cheibrodos_ashenzari_chains,
          minmay_misc_feat_cross, uniq_prince_ribbit1
D:10:     layout_loops_cross, nicolae_lava_and_water, uniq_urug
D:11:     nzn_winding_woodlands_large [nzn_winding_woodlands_5x5_perimeter,
          nzn_winding_woodlands_5x15_river_crossing,
          nzn_winding_woodlands_5x5_checkerboard,
          nzn_winding_woodlands_center_diamonds,
          nzn_winding_woodlands_15x15_eel_pit,
          nzn_winding_woodlands_center_triple_pond,
          nzn_winding_woodlands_hourglass, nzn_winding_woodlands_5x15_pool,
          nzn_winding_woodlands_5x5_closed_star], layout_basic, minmay_orc_keep
D:12:     layout_irregular_city, orc_0_dummy, minmay_misc_feat_alley,
          grunt_gozag_breadcrumbs
D:13:     layout_rooms, lightli_vaults_fourway_checkpoint, enter_trove_3,
          uniq_rupert
Temple:   compressed_dpeg_triangle_lava_temple
Lair:1:   layout_roguey
Lair:2:   layout_gridlike, minmay_snake_entry_guardpost_medium,
          gammafunk_ghost_necromancy, grunt_megastairs_3,
          infiniplex_staircase_pool, serial_bayou_shore_a
Lair:3:   layout_long_grid, nicolae_shoals_entry_roost,
          chequers_serial_rivers_small_b, uniq_nessos
Lair:4:   layout_gridlike, serial_bayou_shore_b
Lair:5:   minmay_lair_end_enchanted_forest, layout_gridlike,
          dpeg_slime_entry_enclosed, grunt_megastairs_2

Skill      XL: |  1  2  3  4  5  6  7  8  9 10 11 12 13 14 |
---------------+-------------------------------------------+-----
Throwing       | 2 3 |  3.0
Long Blades    | 3 4 5 6 7 8 10 11 12 | 12.6
Dodging        | 3 4 5 6 7 8 10 | 10.0
Fighting       | 3 4 5 6 8 9 10 11 13 | 13.6
Invocations    | 4 7 9 12 13 14 | 14.7
Armour         | 4 7 |  7.9

Action                     |  1- 3 |  4- 6 |  7- 9 | 10-12 | 13-15 || total
---------------------------+-------+-------+-------+-------+-------++-------
  Melee: Long sword        |    90 |    80 |   221 |   231 |       ||   622
         Punch             |     1 |     1 |     3 |     4 |       ||     9
         Headbutt          |     4 |    17 |    64 |    90 |    49 ||   224
         Short sword       |       |       |     5 |       |       ||     5
         Great sword       |       |       |       |   115 |   230 ||   345
         Scimitar          |       |       |       |       |     8 ||     8
  Throw: Throwing net      |       |       |     1 |       |       ||     1
 Invoke: Stomp             |       |       |       |     1 |       ||     1
         Line Pass         |       |       |       |       |     2 ||     2
         Grand Finale      |       |       |       |       |     2 ||     2
  Evoke: Wand              |       |       |       |     8 |       ||     8
    Use: Scroll            |       |       |       |    12 |     2 ||    14
         Potion            |       |       |       |     5 |     5 ||    10
   Stab: Paralysed         |       |       |     7 |    46 |    42 ||    95
 Armour: Leather armour    |    52 |    38 |       |       |       ||    90
         Ring mail         |       |       |   145 |   158 |       ||   303
         Scale mail        |       |       |       |   102 |   280 ||   382
         Skin              |       |       |       |     2 |       ||     2
  Dodge: Dodged            |    79 |    48 |   127 |   218 |   273 ||   745

Table legend: (Time is in decaauts)
 A = Elapsed time spent in this place.
 B = Non-inter-level travel time spent in this place.
 C = Inter-level travel time spent in this place.
 D = Time resting spent in this place.
 E = Time spent auto-exploring this place.
 F = Levels seen in this place.
 G = Mean time per level.
                   A        B        C        D        E       F      G
               +--------+--------+--------+--------+--------+-----+--------+
         Total |  17427 |  16604 |    823 |   2601 |  11101 |  20 |  871.3 |
       Dungeon |  13314 |  12581 |    733 |   2139 |   8332 |  13 | 1024.2 |
        Temple |     36 |     36 |      0 |      0 |      0 |   1 |   36.0 |
          Lair |   3858 |   3768 |     90 |    462 |   2652 |   5 |  771.6 |
       Ossuary |    217 |    217 |      0 |      0 |    116 |   1 |  217.0 |
               +--------+--------+--------+--------+--------+-----+--------+

Top non-repeatable levels by time:
     D:9: 1906 daAuts
    D:11: 1745 daAuts
     D:3: 1267 daAuts
     D:8: 1243 daAuts
  Lair:2: 1216 daAuts
     D:4: 1065 daAuts
    D:12: 1053 daAuts
  Lair:1: 1007 daAuts
     D:7: 995 daAuts
     D:6: 904 daAuts
    D:10: 893 daAuts
     D:5: 866 daAuts
  Lair:4: 807 daAuts
  Lair:3: 736 daAuts
     D:2: 713 daAuts
